 Dungeon Crawl Stone Soup version bcrawl-1.21.2-28-g2cb1824106 (webtiles) character file.

Game seed: 1294549146972163060

39 MisterOstroum the Sneak (level 3, -14/20 HPs)
             Began as a Skeleton Archaeologist on Mar 16, 2020.
             Was an Initiate of Cheibriados.
             Demolished by an orc
             ... wielding a +2 hand axe of electrocution
              (19 damage)
             ... on level 3 of the Dungeon.
             The game lasted 00:01:40 (1253 turns).

MisterOstroum the Sneak (Skeleton Archaeologist)    Turns: 1253, Time: 00:01:40

Health: -14/20     AC: 11    Str: 17 (19) XL:     3   Next: 26%
Magic:  0/3        EV:  8    Int: 13      God:    Cheibriados [......]
Gold:   70         SH:  0    Dex:  8      Spells: 2/2 levels left

rFire    . . .     SeeInvis .   a - +0 whip
rCold    + . .     Gourm    .   (no shield)
rNeg     + + +     Faith    .   q - +0 chain mail
rPois    ∞         Spirit   +   c - +1 hat
rElec    .         Reflect  .   (no cloak)
rCorr    .         Harm     .   (no gloves)
MR       .....                  d - +1 pair of boots
Stlth    ..........             e - amulet of regeneration
HPRegen  0.46/turn              (no ring)
MPRegen  0.08/turn              (no ring)

@: very slow
A: no food or potions, cold resistance 1, deterioration 1, negative energy
resistance 3, torment resistance, unbreathing, magic shield, sturdy frame 1,
spell healing
a: Bend Time, Renounce Religion


You were on level 3 of the Dungeon.
You worshipped Cheibriados.
Cheibriados was noncommittal.
You were not hungry.

You visited 1 branch of the dungeon, and saw 3 of its levels.

You collected 70 gold pieces.

Inventory:

Hand Weapons
 a - a +0 whip (weapon)
 b - a +0 hunting sling
 r - a +0 war axe
Missiles
 i - 438 stones (quivered)
 l - 538 sling bullets
Armour
 c - a +1 hat (worn)
 d - a +1 pair of boots (worn)
 k - a +1 robe
 q - a +0 chain mail (worn)
Jewellery
 e - an amulet of regeneration (around neck)
 h - a +3 amulet of reflection {unknown}
Scrolls
 g - a scroll of magic mapping {@r5 !r}
 j - a scroll of identify {unknown}
 m - a scroll of teleportation {unknown}
 n - a scroll of remove curse {unknown}
 o - a scroll of noise {unknown}
 p - a scroll of enchant weapon {unknown}
Miscellaneous
 f - a dusty tome


   Skills:
 * Level 1.5 Fighting
 * Level 0.0(1.0) Axes
 - Level 1.9 Maces & Flails
 + Level 2.7 Slings
 - Level 3.1 Dodging
 - Level 3.6 Stealth


You had 2 spell levels left.
You didn't know any spells.
Your spell library was empty.

Dungeon Overview and Level Annotations

Branches:
Dungeon (3/12)

Altars:
Cheibriados
Yredelemnul


Innate Abilities, Weirdness & Mutations

You do not eat or drink.
You are immune to poison.
Your flesh is cold resistant. (rC+)
Your body sometimes deteriorates upon taking damage.
You are immune to negative energy. (rN+++)
You are immune to unholy pain and torment.
You can survive without breathing.
When hurt, damage is shared between your health and your magic reserves.
Your movements are slightly less encumbered by armour. (ER -2)
Casting spells heals you.


Message History

No target in view!
No target in view!
No target in view!
No target in view!
No target in view!
No target in view!
No target in view!
No target in view!
No target in view!
Things that are here:
a +0 whip; an orc corpse You can't eat.
There is a stone staircase leading down here.
You climb downwards.
The giant cockroach closely misses you. The orc hits you with a +0 war axe.
The giant cockroach bites you but does no damage.
There is a stone staircase leading up here.
You hit the orc.
The orc is moderately wounded.
The orc barely misses you.
The giant cockroach bites you but does no damage.
You hit the orc.
The orc is heavily wounded.
The giant cockroach barely misses you. The orc barely misses you.
The giant cockroach bites you but does no damage.
The orc hits you but does no damage.
You climb upwards.
There is a stone staircase leading down here.
You hit the orc but do no damage.
The orc is heavily wounded.
The giant cockroach bites you but does no damage.
The orc closely misses you. The giant cockroach bites you.
You hit the orc.
You kill the orc!
Cheibriados appreciates the change of pace.
The giant cockroach closely misses you.
You hit the giant cockroach.
The giant cockroach is moderately wounded.
The giant cockroach barely misses you.
You completely miss the giant cockroach.
The giant cockroach is moderately wounded.
The giant cockroach bites you but does no damage.
You closely miss the giant cockroach.
The giant cockroach is moderately wounded.
The giant cockroach bites you but does no damage.
You hit the giant cockroach.
You kill the giant cockroach!
Cheibriados appreciates the change of pace.
No target in view!
No target in view!
No target in view!
No target in view!
No target in view!
No target in view!
No target in view!
No target in view!
No target in view!
No target in view!
No target in view!
No target in view!
No target in view!
No target in view!
Things that are here:
a +0 war axe; a +0 leather armour
r - a +0 war axe Unknown command.
There is a stone staircase leading down here.
You climb downwards.
The orc hits you but does no damage.
You are electrocuted!!
Ouch! That really hurt!
* * * LOW HITPOINT WARNING * * *
The kobold unwields a +0 blowgun.
The kobold wields a +0 dagger.
The kobold hits you but does no damage. The orc hits you but does no damage.
There is a stone staircase leading up here.
Press: ? - help, v - describe, . - travel
Here: an orc, wielding a +2 hand axe of electrocution The floor.
Unknown command.
You can't drink.
Unknown command.
Unknown command.
Wield which item (- for none, * to show all)? (? for menu, Esc to quit)
Okay, then.
Unknown command.
You hit the orc.
The orc is moderately wounded.
The kobold hits you but does no damage. The orc barely misses you.
You hit the orc but do no damage.
The orc is moderately wounded.
The kobold hits you but does no damage. The orc hits you but does no damage.
You closely miss the orc.
The orc is moderately wounded.
The kobold barely misses you.
You closely miss the orc.
The orc is moderately wounded.
The orc closely misses you. The kobold hits you but does no damage.
The kobold hits you but does no damage. The orc hits you but does no damage.
You are electrocuted!!
Ouch! That really hurt!
You die...

# # #..#.
#.....#####.####
#..o@.......
#....#K###.####
#.## #s# #.# ...
... .... .....


You could see an orc, a giant cockroach and a kobold.

Vanquished Creatures
  2 dart slugs
  A leopard gecko (D:2)
  4 orcs (D:2)
  4 giant cockroaches
  5 goblins
  4 kobolds
  A quokka (D:1)
  A bat (D:1)
  A frilled lizard (D:2)
  4 rats (D:1)
27 creatures vanquished.

Notes
Turn   | Place    | Note
-------+----------+-------------------------------------------
     0 | D:1      | MisterOstroum the Skeleton Archaeologist began the quest
                  | for the Orb.
     0 | D:1      | Reached XP level 1. HP: 12/12 MP: 1/1
   191 | D:1      | Reached XP level 2. HP: 16/16 MP: 2/2
   430 | D:1      | Reached skill level 1 in Slings
   841 | D:2      | Reached XP level 3. HP: 19/20 MP: 3/3
   952 | D:2      | Found a snail-covered altar of Cheibriados.
  1037 | D:2      | Became a worshipper of Cheibriados the Contemplative
  1140 | D:2      | Found a basalt altar of Yredelemnul.
  1253 | D:3      | Demolished by an orc

Skill      XL: |  1  2 |
---------------+-------+-----
Slings         | 2 |  2.7
Fighting       | |  1.5
Maces & Flails | |  1.9
Dodging        | |  3.1
Stealth        | |  3.6

Action                   || total
-------------------------++-------
Melee: Whip              ||    44
 Fire: Hunting sling     ||    40
Throw: Stone             ||     9
 Stab: Sleeping          ||     2
Armor: Robe              ||     8
       Chain mail        ||    18
Dodge: Dodged            ||    46
